 Dungeon Crawl Stone Soup version 0.29-a0-317-gd16b76e6b1 (console) character file.

Game seed: 6793846107790483055

1073 Ignak the Magician (level 8, -2/58 HPs)
             Began as a Gnoll Hedge Wizard on Apr 1, 2022.
             Slain by a shadow imp (5 damage)
             ... while paralysed by Grinder
             ... in a sewer.
             The game lasted 00:19:14 (7581 turns).

Ignak the Magician (Gnoll Hedge Wizard)             Turns: 7581, Time: 00:19:14

Health: -2/58      AC:  5    Str:  9      XL:     8   Next: 28%
Magic:  19/19      EV:  2    Int: 16      God:
Gold:   190        SH:  0    Dex:  8 (12) Spells: 6/22 levels left

rFire   . . .      SeeInvis .   n - +2 short sword (holy)
rCold   . . .      Faith    .   (no shield)
rNeg    . . .      Spirit   .   b - +0 robe
rPois   .          Reflect  .   c - +0 hat
rElec   .          Harm     .   (no cloak)
rCorr   .          Rampage  .   f - +2 pair of gloves
Will    .....                   (no boots)
Stlth   +++.......              (no amulet)
HPRegen 0.19/turn               (no ring)
MPRegen 0.16/turn               (no ring)

@: paralysed
A: fangs 1, strong nose, distributed training
a: no special abilities


You were in a sewer.
You visited 1 branch of the dungeon, and saw 5 of its levels.
You also visited: Sewer.

You collected 190 gold pieces.

Inventory:

Hand Weapons
 i - a +0 falchion
 n - a +2 short sword of holy wrath (weapon)
Missiles
 k - 6 atropa-tipped darts
 p - 2 poisoned darts (quivered)
Armour
 b - a +0 robe (worn)
 c - a +0 hat (worn)
 f - a +2 pair of gloves (worn)
Wands
 l - a wand of flame (7)
Scrolls
 a - 2 scrolls of enchant weapon
 g - a scroll of blinking
 m - a scroll of identify
 q - a scroll of fog
Potions
 h - 2 potions of curing
 j - a potion of heal wounds


   Skills:
 + Level 3.1 Fighting
 + Level 3.1 Short Blades
 + Level 3.1 Long Blades
 + Level 3.1 Axes
 + Level 3.1 Maces & Flails
 + Level 3.1 Polearms
 + Level 3.1 Staves
 + Level 3.1 Slings
 + Level 3.1 Bows
 + Level 3.1 Crossbows
 + Level 3.1 Throwing
 + Level 3.1 Armour
 + Level 5.6 Dodging
 + Level 5.3 Stealth
 + Level 3.1 Shields
 + Level 3.1 Unarmed Combat
 + Level 7.9 Spellcasting
 + Level 3.4 Conjurations
 + Level 2.5 Hexes
 + Level 3.4 Summonings
 + Level 2.5 Necromancy
 + Level 3.4 Translocations
 + Level 2.5 Transmutations
 + Level 2.5 Fire Magic
 + Level 2.5 Ice Magic
 + Level 2.5 Air Magic
 + Level 2.5 Earth Magic
 + Level 2.5 Poison Magic
 + Level 3.4 Invocations
 + Level 3.1 Evocations


You had 6 spell levels left.
You knew the following spells:

 Your Spells              Type           Power      Damage    Failure   Level
a - Magic Dart            Conj           68%        1d6       2%          1
b - Blink                 Tloc           34%        N/A       4%          2
c - Slow                  Hex            56%        N/A       4%          1
d - Mephitic Cloud        Conj/Pois/Air  15%        N/A       11%         3
e - Call Imp              Summ           17%        N/A       4%          2
r - Ozocubu's Armour      Ice            14%        N/A       12%         3
z - Olgreb's Toxic Radia  Pois           14%        N/A       36%         4

Your spell library contained the following spells:

 Spells                   Type           Power      Damage    Failure   Level
 Sandblast                Erth           28%        2d8       4%          1
 Sting                    Tmut/Pois      56%        1d5       4%          1
 Passwall                 Tmut/Erth      11%        N/A       6%          2
 Poisonous Vapours        Pois/Air       28%        N/A       6%          2
 Conjure Flame            Conj/Fire      15%        6-21      10%         3
 Stone Arrow              Conj/Erth      30%        3d8       10%         3
 Metabolic Englaciation   Hex/Ice        7%         N/A       73%         5
 Simulacrum               Ice/Necr       7%         N/A       99%         6


Dungeon Overview and Level Annotations

Branches:
Dungeon (5/15)              Sewer (1/1)
 Temple: D:4-7

Altars:

Shops:
D:1 ?   D:5 !

Annotations:
D:5 Menkaure Sewer Grinder


Innate Abilities, Weirdness & Mutations

You have very sharp teeth.
Your uncanny sense of smell can sniff out nearby items.
Your experience applies equally to all skills.


Message History

Press: ? - help, v - describe, . - travel
Here: Grinder (moderately wounded)
An open door.
What are your orders? t - Bark!
Orders for allies: a - Attack new target. r - Retreat! s - Stop attacking. g - Guard the area. f - Follow me.
Anything else - Cancel.
Gang up on whom?
Press: ? - help, Dir - move target, f - Grinder
Aim: Grinder (moderately wounded) Attack!
Your crimson imp hits Grinder but does no damage.
Grinder hits your crimson imp.
Your crimson imp misses Grinder.
Grinder closely misses your crimson imp.
Your crimson imp hits Grinder.
Grinder barely misses your crimson imp.
Your crimson imp hits Grinder.
Something hits your crimson imp!
Your crimson imp blinks!
The shadow imp gestures at you. Pain shoots through your body!
* * * LOW HITPOINT WARNING * * *
Grinder gestures at you.
You suddenly lose the ability to move!
The shadow imp gestures at you. Pain shoots through your body!
* * * LOW HITPOINT WARNING * * *
Grinder says, "My boss said I was rubbish.
His entrails said otherwise."
Your bat barely misses the shadow imp.
The shadow imp gestures at you.
Your bat barely resists.
Your bat barely misses the shadow imp.
Your bat hits the shadow imp but does no damage.
The shadow imp gestures at you.
Your bat writhes in agony!
Your bat dies!
Your bat's corpse dissolves into shadows!
The shadow imp hits you.
You die...

#≈≈.#≈≈≈≈≈≈≈≈≈≈≈≈≈≈.#..≈# ...≈
#≈≈.#≈≈≈≈≈≈≈≈≈≈≈≈≈..#5≈≈# ...≈
#≈≈.#≈≈≈≈≈≈≈≈≈≈≈≈≈§.#5≈b# ...≈
#≈..#≈≈≈≈≈≈≈≈≈≈≈≈5..#K≈≈###'''#
#≈≈.# ≈≈≈≈≈≈≈≈≈≈≈.5.#.≈≈##.....
#≈≈.####≈#≈≈###5#K####.###..☼..
#≈≈.#†...)........≈≈#.).#.....☼
#≈≈.††...).....5.≈≈≈≈.))))☼._..
#≈≈.#.........@...≈≈#..)#))...☼
##.####≈##≈##≈###.####.###..§..
#≈≈≈≈≈≈≈≈≈≈≈≈≈≈≈≈...#.≈≈##.....
#..≈≈≈≈≈≈≈≈≈≈≈≈≈≈≈..#.≈≈###'''#
#≈.≈≈≈≈≈≈≈≈≈≈≈≈≈≈≈≈.#..≈# 5..≈
#≈≈≈≈≈≈≈≈≈≈≈≈≈≈≈≈≈..#.≈≈# ...≈
#≈≈≈≈≈≈≈≈≈≈≈≈≈≈≈≈≈..#..≈# ...≈
#≈≈≈≈≈≈≈≈≈≈≈≈≈≈≈≈≈≈.+.≈≈# .K.≈
#########################


You could see Grinder (ally target), 2 shadow imps, a kobold (resistant) and a
friendly crimson imp (summoned).

Vanquished Creatures
  2 phantoms
  A kobold brigand (Sewer)
  Blork the orc (D:4)
  4 scorpions
  A hound (D:4)
  4 orc wizards (D:4)
  4 adders
  4 ufetubi
  A worm (D:4)
  3 dart slugs
  10 orcs
  3 endoplasms
  3 giant cockroaches
  7 goblins
  2 hobgoblins (D:1)
  4 quokkas (D:1)
  9 ball pythons
  7 bats
  A frilled lizard (D:3)
  15 kobolds
  6 rats
92 creatures vanquished.

Vanquished Creatures (collateral kills)
  A sky beast (D:5)
  A jelly (D:3)
  2 quasits (Sewer)
  A hound (D:4)
  4 adders
  4 orcs
  2 ball pythons (Sewer)
  A bat (Sewer)
  A frilled lizard (D:3)
  7 kobolds (Sewer)
  A rat (D:3)
25 creatures vanquished.

Vanquished Creatures (others)
  An endoplasm (Sewer)
  A fungus (D:1)
  A plant (D:1)
3 creatures vanquished.

Grand Total: 120 creatures vanquished

Notes
Turn   | Place    | Note
-------+----------+-------------------------------------------
     0 | D:1      | Ignak the Gnoll Hedge Wizard began the quest for the Orb.
     0 | D:1      | Reached XP level 1. HP: 13/13 MP: 8/8
   184 | D:1      | Reached XP level 2. HP: 4/19 MP: 1/10
   627 | D:1      | Found a faded altar of an unknown god.
  1058 | D:1      | Reached XP level 3. HP: 25/25 MP: 11/11
  1245 | D:1      | Found Bopoh's Magic Scroll Boutique.
  1539 | D:2      | Reached skill level 1 in Invocations
  1607 | D:2      | Reached skill level 1 in Fighting
  1607 | D:2      | Reached skill level 1 in Short Blades
  1607 | D:2      | Reached skill level 1 in Long Blades
  1607 | D:2      | Reached skill level 1 in Axes
  1607 | D:2      | Reached skill level 1 in Maces & Flails
  1607 | D:2      | Reached skill level 1 in Polearms
  1607 | D:2      | Reached skill level 1 in Staves
  1607 | D:2      | Reached skill level 1 in Slings
  1607 | D:2      | Reached skill level 1 in Bows
  1607 | D:2      | Reached skill level 1 in Crossbows
  1607 | D:2      | Reached skill level 1 in Throwing
  1607 | D:2      | Reached skill level 1 in Armour
  1607 | D:2      | Reached skill level 1 in Shields
  1607 | D:2      | Reached skill level 1 in Unarmed Combat
  1607 | D:2      | Reached skill level 1 in Evocations
  1647 | D:2      | Learned a level 2 spell: Blink
  1649 | D:2      | Learned a level 1 spell: Slow
  1652 | D:2      | Learned a level 2 spell: Call Imp
  1656 | D:2      | Learned a level 3 spell: Mephitic Cloud
  1839 | D:2      | Reached XP level 4. HP: 26/32 MP: 11/13
  2203 | D:2      | Learned a level 4 spell: Olgreb's Toxic Radiance
  3014 | D:3      | Reached skill level 1 in Hexes
  3014 | D:3      | Reached skill level 1 in Necromancy
  3014 | D:3      | Reached skill level 1 in Transmutations
  3014 | D:3      | Reached skill level 1 in Fire Magic
  3014 | D:3      | Reached skill level 1 in Ice Magic
  3014 | D:3      | Reached skill level 1 in Air Magic
  3014 | D:3      | Reached skill level 1 in Earth Magic
  3014 | D:3      | Reached skill level 1 in Poison Magic
  3109 | D:3      | Noticed a phantom
  3130 | D:3      | Killed a phantom
  3131 | D:3      | Reached XP level 5. HP: 15/37 MP: 14/14
  3769 | D:3      | Reached XP level 6. HP: 29/44 MP: 10/16
  4213 | D:3      | Reached skill level 5 in Dodging
  4657 | D:4      | Noticed Blork the orc
  5179 | D:4      | Killed Blork the orc
  5180 | D:4      | Reached XP level 7. HP: 50/50 MP: 13/18
  6046 | D:4      | Learned a level 3 spell: Ozocubu's Armour
  6501 | D:5      | Entered Level 5 of the Dungeon
  6544 | D:5      | Reached skill level 5 in Stealth
  6749 | D:5      | Found Xeju's Distillery.
  6749 | D:5      | Noticed Menkaure
  7010 | D:5      | Reached XP level 8. HP: 48/57 MP: 16/19
  7034 | D:5      | Found a glowing drain.
  7043 | Sewer    | Entered a sewer
  7327 | Sewer    | Found a burning altar of Makhleb.
  7510 | Sewer    | Noticed Grinder
  7577 | Sewer    | Paralysed by Grinder for 7 turns
  7581 | Sewer    | Slain by a shadow imp

Illustrated notes

Levels and vault maps discovered:
D:1:      minmay_arrival_widening_spiral_wide, layout_loops_ring,
          shapermc_ecumenical_altar_ellora, serial_shops, shop, glass_columns_b,
          st_stairs_12, minmay_tree_intersection
D:2:      layout_loops_corners
D:3:      layout_loops_corners
D:4:      layout_loops_ring, kennysheep_generic_room_5, uniq_blork_the_orc
D:5:      layout_basic, portal_sewer_entry_d, serial_shops,
          nicolae_stop_n_shop_1, uniq_menkaure
Sewer:    kennysheep_sewer_church

Skill      XL: |  1  2  3  4  5  6  7  8 |
---------------+-------------------------+-----
Conjurations   | 2 3 |  3.4
Summonings     | 2 3 |  3.4
Translocations | 2 3 |  3.4
Invocations    | 1 2 3 |  3.4
Fighting       | 1 2 3 |  3.1
Short Blades   | 1 2 3 |  3.1
Long Blades    | 1 2 3 |  3.1
Axes           | 1 2 3 |  3.1
Maces & Flails | 1 2 3 |  3.1
Polearms       | 1 2 3 |  3.1
Staves         | 1 2 3 |  3.1
Slings         | 1 2 3 |  3.1
Bows           | 1 2 3 |  3.1
Crossbows      | 1 2 3 |  3.1
Throwing       | 1 2 3 |  3.1
Armour         | 1 2 3 |  3.1
Shields        | 1 2 3 |  3.1
Unarmed Combat | 1 2 3 |  3.1
Evocations     | 1 2 3 |  3.1
Hexes          | 1 2 |  2.5
Necromancy     | 1 2 |  2.5
Transmutations | 1 2 |  2.5
Fire Magic     | 1 2 |  2.5
Ice Magic      | 1 2 |  2.5
Air Magic      | 1 2 |  2.5
Earth Magic    | 1 2 |  2.5
Poison Magic   | 1 2 |  2.5
Dodging        | 5 |  5.6
Stealth        | 5 |  5.3
Spellcasting   | |  7.9

Action                   |  1- 3 |  4- 6 |  7- 9 || total
-------------------------+-------+-------+-------++-------
Melee: Dagger            |    62 |       |       ||    62
       Bite              |     2 |    15 |     9 ||    26
       Falchion          |     4 |   102 |   150 ||   256
       Short sword       |       |       |    25 ||    25
       Punch             |       |       |     1 ||     1
Throw: Dart              |       |     2 |       ||     2
 Cast: Magic Dart        |    47 |     4 |     3 ||    54
       Call Imp          |     1 |    17 |    19 ||    37
       Blink             |       |     6 |     3 ||     9
       Mephitic Cloud    |       |    10 |    10 ||    20
       Olgreb's Toxic Ra |       |       |     1 ||     1
       Ozocubu's Armour  |       |       |     1 ||     1
Evoke: Wand              |       |     8 |       ||     8
  Use: Scroll            |       |       |     8 ||     8
       Potion            |       |       |     6 ||     6
 Stab: Sleeping          |     4 |     5 |     3 ||    12
       Confused          |       |     2 |     2 ||     4
       Invisible         |       |       |     1 ||     1
Armor: Robe              |    23 |    22 |    85 ||   130
Dodge: Dodged            |    66 |    84 |   241 ||   391

Table legend: (Time is in decaauts)
 A = Elapsed time spent in this place.
 B = Non-inter-level travel time spent in this place.
 C = Inter-level travel time spent in this place.
 D = Time resting spent in this place.
 E = Time spent auto-exploring this place.
 F = Levels seen in this place.
 G = Mean time per level.
                   A        B        C        D        E       F      G
               +--------+--------+--------+--------+--------+-----+--------+
         Total |   7639 |   7493 |    146 |   2390 |   3168 |   6 | 1273.2 |
       Dungeon |   7092 |   6946 |    146 |   2188 |   3116 |   5 | 1418.4 |
         Sewer |    546 |    546 |      0 |    202 |     52 |   1 |  546.0 |
               +--------+--------+--------+--------+--------+-----+--------+

Top non-repeatable levels by time:
     D:3: 2079 daAuts
     D:4: 1711 daAuts
     D:1: 1505 daAuts
     D:2: 1427 daAuts
   Sewer: 546 daAuts
     D:5: 369 daAuts
